 Dungeon Crawl Stone Soup version 0.30.0-16-gbe6223bb7e (webtiles) character file.

Game seed: 13341252715212784422

178 Sabo the Covert (level 5, 0/43 HPs)
             Began as a Gnoll Wanderer on May 20, 2023.
             Slain by an orc wizard
             ... wielding a +0 dagger of venom
              (2 damage)
             ... on level 3 of the Dungeon.
             The game lasted 00:16:03 (3222 turns).

Sabo the Covert (Gnoll Wanderer)                    Turns: 3222, Time: 00:16:03

Health: 0/43       AC:  7    Str: 21    XL:     5   Next: 58%
Magic:  7/7        EV:  8    Int:  7    God:
Gold:   133        SH: 11    Dex: 14    Spells: 7/7 levels left

rFire   . . .        a - +4 dagger
rCold   . . .        g - +0 tower shield
rNeg    + . .        n - +0 ring mail {rN+}
rPois   .            p - +0 helmet
rElec   .            (no cloak)
rCorr   .            (no gloves)
SInv    .            (no boots)
Will    .....        (no amulet)
Stlth   ++++         q - +6 ring of strength
HPRegen 0.27/turn    (no ring)
MPRegen 0.10/turn

%: no passive effects
@: lethally poisoned (0 -> -6)
A: fangs 1, strong nose, distributed training
a: no special abilities


You were on level 3 of the Dungeon.
You visited 1 branch of the dungeon, and saw 3 of its levels.

You collected 133 gold pieces.

Inventory:

Hand Weapons
 a - a +4 dagger (weapon)
 o - a +0 sling
 s - a +0 war axe
Missiles
 e - 2 boomerangs
 i - 7 poisoned darts (quivered)
Armour
 g - a +0 tower shield (worn)
 n - a +0 ring mail of positive energy (worn)
 p - a +0 helmet (worn)
Jewellery
 j - a ring of ice
 q - a +6 ring of strength (left hand)
Scrolls
 b - a scroll of summoning
 d - a scroll of blinking
 f - a scroll of amnesia
 h - a scroll of enchant weapon
 m - 3 scrolls of teleportation {unknown}
Potions
 c - a potion of curing
 k - a potion of flight
 r - a potion of mutation {unknown}


   Skills:
 + Level 4.8 Fighting
 + Level 1.6 Short Blades
 + Level 1.6 Long Blades
 + Level 1.6 Axes
 + Level 1.6 Maces & Flails
 + Level 1.6 Polearms
 + Level 1.6 Staves
 + Level 1.6 Ranged Weapons
 + Level 1.6 Throwing
 + Level 4.8 Armour
 + Level 1.6 Dodging
 + Level 9.7 Stealth
 + Level 1.6 Shields
 + Level 1.6 Unarmed Combat
 + Level 1.6 Spellcasting
 + Level 1.3 Conjurations
 + Level 1.3 Hexes
 + Level 1.3 Summonings
 + Level 1.3 Necromancy
 + Level 1.3 Translocations
 + Level 1.3 Transmutations
 + Level 1.3 Fire Magic
 + Level 1.3 Ice Magic
 + Level 1.3 Air Magic
 + Level 1.3 Earth Magic
 + Level 1.3 Poison Magic
 + Level 3.1 Invocations
 + Level 1.6 Evocations


You had 7 spell levels left.
You didn't know any spells.
Your spell library contained the following spells:

 Spells                   Type           Power      Damage    Failure   Level
 Apportation              Tloc           4%         N/A       97%         1
 Ignite Poison            Fire/Tmut/Pois 2%         N/A       100%        3
 Sticky Flame             Conj/Fire      2%         2d3       100%        4
 Alistair's Intoxication  Tmut/Pois      1%         N/A       100%        5
 Ignition                 Fire           1%         3d3       100%        8


Dungeon Overview and Level Annotations

Branches:
Dungeon (3/15)

Altars:


Innate Abilities, Weirdness & Mutations

You have very sharp teeth.
Your uncanny sense of smell can sniff out nearby items.
Your experience applies equally to all skills.


Message History

The orc priest invokes the aid of Beogh against you.
Beogh smites you!
The orc wizard gestures at you while chanting.
You are confused.
The orc priest begins to cast a cantrip, but forgets the words!
The orc wizard points at you and mumbles some strange words.
You are more confused.
You bump into the rock wall.
The orc hits you but does no damage.
You barely miss the orc.
The orc priest calls down the wrath of Beogh upon you.
Beogh smites you! The orc hits you but does no damage.
The orc attacks as you move away! The orc hits you but does no damage.
You bump into the rock wall.
The orc hits you but does no damage.
You're too confused to move!
The orc wizard mumbles some strange words.
The orc wizard flickers and vanishes!
Deactivating autopickup; reactivate with Ctrl-A.
The orc hits you but does no damage.
You feel less confused.
You hit something. Your bite misses something.
Something hits you but does no damage.
You are poisoned.
You miss something.
You feel very sick.
You hear some strange, mumbled words.
A puff of flame appears from out of thin air!
The puff of flame hits you.
You miss something.
You feel sick. Something hits you but does no damage.
You are more poisoned.
You hit something but do no damage.
* * * LOW HITPOINT WARNING * * *
You feel very sick.
You hear some strange, mumbled words.
A magic dart appears from out of thin air!
The magic dart hits you!
* * * LOW HITPOINT WARNING * * *
You completely miss something.
* * * LOW HITPOINT WARNING * * *
You feel sick. Something hits you.
You die...

##.................#
######.#.#########.# #
#.#.###....##.# #
#.#.#.......#.#
######.#.#.#.....#.#
.......#.#.#.....#.#
)#######.#.#.....#.#
.........#..# #.#.# #
.#.<........# #@#.# ...
.#.#######..####{#.###.....
................oo..o......
.#.######...####.#o#.......
...# #.....#......#.....
.### #...#.#.....## ....
...# #........#..# ..J .#.#
##.....#..#..## ..
.#.#####....#....#...# #


You could see an orc priest and 2 orcs.

Vanquished Creatures
  An orc priest (D:3)
  Robin (D:2)
  4 adders
  A worm (D:3)
  2 dart slugs
  8 orcs
  5 ball pythons
  4 endoplasms
  4 giant cockroaches
  14 goblins
  9 hobgoblins
  5 jackals
  6 kobolds
  A quokka (D:2)
  4 bats
  2 frilled lizards (D:3)
  10 rats
81 creatures vanquished.

Notes
Turn   | Place    | Note
-------+----------+-------------------------------------------
     0 | D:1      | Reached skill level 9 in Stealth
     0 | D:1      | Sabo the Gnoll Wanderer began the quest for the Orb.
     0 | D:1      | Sabo set off with the following items: a +3 dagger, a
                  | scroll of summoning, a potion of curing, a scroll of
                  | blinking, a +0 leather armour.
     0 | D:1      | Reached XP level 1. HP: 20/20 MP: 2/2
   148 | D:1      | Reached XP level 2. HP: 26/26 MP: 3/3
   309 | D:1      | Found a faded altar of an unknown god.
   860 | D:2      | Reached XP level 3. HP: 30/31 MP: 4/4
  1338 | D:2      | Reached skill level 1 in Short Blades
  1338 | D:2      | Reached skill level 1 in Long Blades
  1338 | D:2      | Reached skill level 1 in Axes
  1338 | D:2      | Reached skill level 1 in Maces & Flails
  1338 | D:2      | Reached skill level 1 in Polearms
  1338 | D:2      | Reached skill level 1 in Staves
  1338 | D:2      | Reached skill level 1 in Ranged Weapons
  1338 | D:2      | Reached skill level 1 in Throwing
  1338 | D:2      | Reached skill level 1 in Dodging
  1338 | D:2      | Reached skill level 1 in Shields
  1338 | D:2      | Reached skill level 1 in Unarmed Combat
  1338 | D:2      | Reached skill level 1 in Spellcasting
  1338 | D:2      | Reached skill level 1 in Evocations
  1344 | D:2      | Reached XP level 4. HP: 17/38 MP: 6/6
  1678 | D:2      | Noticed Robin
  1693 | D:2      | Killed Robin
  1694 | D:2      | Reached skill level 1 in Conjurations
  1694 | D:2      | Reached skill level 1 in Hexes
  1694 | D:2      | Reached skill level 1 in Summonings
  1694 | D:2      | Reached skill level 1 in Necromancy
  1694 | D:2      | Reached skill level 1 in Translocations
  1694 | D:2      | Reached skill level 1 in Transmutations
  1694 | D:2      | Reached skill level 1 in Fire Magic
  1694 | D:2      | Reached skill level 1 in Ice Magic
  1694 | D:2      | Reached skill level 1 in Air Magic
  1694 | D:2      | Reached skill level 1 in Earth Magic
  1694 | D:2      | Reached skill level 1 in Poison Magic
  2390 | D:3      | Reached XP level 5. HP: 9/43 MP: 7/7
  3222 | D:3      | HP: 2/43 [poisoned by an orc wizard]
  3222 | D:3      | Slain by an orc wizard

Illustrated notes

Levels and vault maps discovered:
D:1:      minmay_arrival_wavy_path, layout_basic, ebering_ecumenical_altar_rust
D:2:      layout_loops_ring, minmay_divided_ellipse, uniq_robin
D:3:      layout_basic, minmay_misc_feat_x

Skill      XL: |  1  2  3  4 |
---------------+-------------+-----
Stealth        | |  9.7
Short Blades   | 1 |  1.6
Long Blades    | 1 |  1.6
Axes           | 1 |  1.6
Maces & Flails | 1 |  1.6
Polearms       | 1 |  1.6
Staves         | 1 |  1.6
Ranged Weapons | 1 |  1.6
Throwing       | 1 |  1.6
Dodging        | 1 |  1.6
Shields        | 1 |  1.6
Unarmed Combat | 1 |  1.6
Spellcasting   | 1 |  1.6
Evocations     | 1 |  1.6
Conjurations   | 1 |  1.3
Hexes          | 1 |  1.3
Summonings     | 1 |  1.3
Necromancy     | 1 |  1.3
Translocations | 1 |  1.3
Transmutations | 1 |  1.3
Fire Magic     | 1 |  1.3
Ice Magic      | 1 |  1.3
Air Magic      | 1 |  1.3
Earth Magic    | 1 |  1.3
Poison Magic   | 1 |  1.3
Invocations    | 3 |  3.1
Fighting       | |  4.8
Armour         | |  4.8

Action                     |  1- 3 |  4- 6 || total
---------------------------+-------+-------++-------
  Melee: Dagger            |   104 |   128 ||   232
         Bite              |    11 |    15 ||    26
         Punch             |     4 |     2 ||     6
    Use: Scroll            |       |     5 ||     5
   Stab: Sleeping          |     8 |     7 ||    15
 Armour: Leather armour    |     6 |       ||     6
         Ring mail         |    44 |    49 ||    93
  Dodge: Dodged            |    67 |    57 ||   124
  Block: Tower shield      |       |    15 ||    15
